Sabres vs Lightning

Created - 23 février 2018 at 19:31

Goals
1 2 3 T
Sabres 1 0 2 3
Lightning 2 1 1 4
Shots
1 2 3 T
Sabres 9 5 13 27
Lightning 16 13 14 43

1st period

1. Sabres , Kevin Hayes 10 (Clayton Keller 12, Kevin Shattenkirk 24) at 6:32
2. Lightning , Ryan Dzingel 10 (Dennis Seidenberg 12) at 11:35
3. Lightning , Ryan Nugent-Hopkins 20 (Radko Gudas 12, Radim Vrbata 21) at 12:47

Penalties :
Madison Bowey (BUF) for High sticking (Minor) at 9:20, Madison Bowey (BUF) for Hooking (Minor) at 14:16, Jonathan Marchessault (TAM) for Holding Stick (Minor) at 14:45

2nd period

4. Lightning , Dennis Seidenberg 4 (Radko Gudas 13, Eddie Lack) at 6:15

Penalties :
Kevin Shattenkirk (BUF) for Interference (Minor) at 2:01, Rickard Rakell (BUF) for Interference (Minor) at 9:34

3rd period

5. Sabres , Zach Hyman 7 (Madison Bowey 5, Andrew Copp 6) at 1:15
6. Sabres , Andre Burakovsky 10 (Clayton Keller 13, Roman Josi 21) at 2:08
7. Lightning , Jussi Jokinen 19 (Dennis Seidenberg 13, Jonathan Marchessault 14) at 3:15 (PP)

Penalties :
Josh Anderson (BUF) for Holding (Minor) at 3:02, Jonathan Marchessault (TAM) for Hooking (Minor) at 14:04, Martin Frk (BUF) for Tripping (Minor) at 14:09, Clayton Keller (BUF) for Hooking (Minor) at 18:48

Goalie Stats

Kari Lehtonen (BUF), 39 saves from 43 shots - (0,907), L, 14-21-5, 59:20 minutes
Eddie Lack (TAM), 24 saves from 27 shots - (0,889), W, 4-5-2, 60:00 minutes

Players Stats for Sabres

Player Name              G  A  P  +/- PIM S  H  SB GA TA FO     MP     PP MP  PK MP  
------------------------------------------------------------------------------------
Andre Burakovsky         1  0  1   1  0   1  0  0  0  0  0/0    13:52   0:00   1:04 
Andrew Copp              0  1  1   0  0   2  1  1  0  1  4/16   17:09   0:00   4:09 
Brian Flynn              0  0  0   0  0   1  2  0  0  0  1/8    12:36   0:06   4:42 
Clayton Keller           0  2  2   1  2   3  1  0  0  0  1/2    12:48   0:21   0:00 
David Backes             0  0  0  -1  0   1  0  0  1  2  1/3    17:28   0:07   0:00 
Erik Gudbranson          0  0  0   1  0   1  0  1  0  0  0/0    18:51   0:27   5:11 
Ivan Provorov            0  0  0   0  0   3  3  1  0  0  0/0    23:19   0:32   2:49 
Joonas Donskoi           0  0  0   0  0   2  0  0  0  0  1/1     5:33   0:00   0:00 
Josh Anderson            0  0  0   0  2   0  1  1  1  0  0/1    14:09   0:11   1:27 
Kevin Hayes              1  0  1   1  0   2  0  0  0  1  6/14   16:10   0:07   2:19 
Kevin Shattenkirk        0  1  1  -1  2   2  0  0  0  1  0/0    20:26   0:02   0:00 
Madison Bowey            0  1  1   1  4   1  1  2  0  0  0/0    11:12   0:06   0:00 
Martin Frk               0  0  0   0  2   2  0  1  0  0  0/0     8:15   0:06   0:00 
Michael Stone            0  0  0  -1  0   2  1  4  0  0  0/0    24:34   0:00   5:06 
Paul Stastny             0  0  0  -1  0   0  1  1  2  0  14/25  17:21   0:21   0:00 
Rickard Rakell           0  0  0  -1  2   0  1  0  1  0  1/2    17:55   0:21   0:00 
Roman Josi               0  1  1   0  0   1  0  1  0  1  0/0    21:37   0:02   2:44 
Zach Hyman               1  0  1   0  0   3  4  0  0  0  0/0    15:19   0:00   2:09 

Players Stats for Lightning

Player Name              G  A  P  +/- PIM S  H  SB GA TA FO     MP     PP MP  PK MP  
------------------------------------------------------------------------------------
Andrej Sekera            0  0  0  -1  0   1  5  3  0  0  0/0    29:24   5:08   0:34 
Antoine Vermette         0  0  0  -2  0   1  1  0  0  0  7/9     9:46   0:00   0:34 
Carl Soderberg           0  0  0   1  0   0  0  0  0  0  1/1     6:00   0:00   0:00 
Colin Miller             0  0  0   1  0   1  0  0  0  0  0/0     9:53   0:00   0:00 
Dennis Seidenberg        1  2  3   0  0   1  0  0  0  3  0/0    20:43   2:47   0:00 
Drew Stafford            0  0  0   1  0   1  0  0  0  0  0/0     7:59   0:40   0:22 
Johnny Boychuk           0  0  0  -1  0   0  1  4  0  0  0/0    29:10   5:04   0:34 
Jonathan Marchessault    0  1  1  -2  4   1  1  0  1  0  1/1    13:57   3:08   0:00 
Jussi Jokinen            1  0  1  -2  0   3  0  0  0  0  0/0    12:25   3:50   0:00 
Matt Cullen              0  0  0   1  0   0  1  0  0  0  0/0    14:17   0:34   0:00 
Mikko Koivu              0  0  0   0  0   6  0  0  1  0  18/32  26:09   3:51   0:12 
Nick Foligno             0  0  0   0  0   6  2  0  0  1  1/1    22:21   3:46   0:00 
Noah Hanifin             0  0  0   1  0   0  1  0  0  1  0/0    10:07   0:04   0:00 
Radim Vrbata             0  1  1   1  0   3  0  1  1  0  0/0    13:34   0:00   0:00 
Radko Gudas              0  2  2   0  0   2  2  2  0  0  0/0    20:43   2:47   0:00 
Ryan Dzingel             1  0  1   1  0   2  1  0  0  0  1/2     6:49   0:14   0:00 
Ryan Nugent-Hopkins      1  0  1   1  0   5  1  1  1  0  9/19   17:10   3:50   0:00 
Tyler Seguin             0  0  0   0  0   10 2  1  2  0  5/7    25:33   3:51   0:00 

3 Stars

1 - Dennis Seidenberg (TAM)
2 - Ryan Nugent-Hopkins (TAM)
3 - Ryan Dzingel (TAM)

Power Play

Sabres - 0 on 2 Attempt(s) - 0,00%
Lightning - 1 on 7 Attempt(s) - 14,29%

Penalty Kill

Sabres - 6 on 7 Attempt(s) - 85,71% - Score 0 goal in Penalty Kill
Lightning - 2 on 2 Attempt(s) - 100,00% - Score 0 goal in Penalty Kill

Team Stat

Sabres - Hits : 16 - Faceoff Wins : 29 - Blocked Shots : 13 - Penalty Minutes : 14
Lightning - Hits : 18 - Faceoff Wins : 43 - Blocked Shots : 12 - Penalty Minutes : 4

Official

Referees : Rob Martell and Dave Lewis
Linesman : Jonny Murray and Thor Nelson

Game Notes

No Game Note

Finance

Level 1 -- Attendance: 5698 (94,97%) -- Ticket Income 484 330 $
Level 2 -- Attendance: 3259 (65,18%) -- Ticket Income 244 425 $
Level 3 -- Attendance: 1001 (50,05%) -- Ticket Income 55 055 $
Level 4 -- Attendance: 1918 (47,95%) -- Ticket Income 76 720 $
Luxury Box -- Attendance: 1000 (100,00%) -- Ticket Income 150 000 $
Game was played at the Tampa Baseball Stadium.
Total Attendance: 12876 (71,53%)
Total Ticket Income: 1 010 530 $
Other Income: 495 160 $
Total Income: 1 505 690 $

Sabres

5 vs 5 Forward 
   Center                   Left Wing                Right Wing               Time % Phy DF OF 
 1 Paul Stastny             Rickard Rakell           David Backes             35     0   1  4  
 2 Kevin Hayes              Clayton Keller           Andre Burakovsky         30     0   1  4  
 3 Andrew Copp              Zach Hyman               Josh Anderson            25     1   2  2  
 4 Brian Flynn              Joonas Donskoi           Martin Frk               10     0   3  2  

5 vs 5 Defense 
   Defense                  Defense                                           Time % Phy DF OF 
 1 Roman Josi               Ivan Provorov                                     40     0   2  3  
 2 Michael Stone            Kevin Shattenkirk                                 35     1   2  2  
 3 Erik Gudbranson          Madison Bowey                                     25     0   4  1  
 4 Ivan Provorov            Roman Josi                                        0      0   3  2  

PowerPlay Forward 
   Center                   Left Wing                Right Wing               Time % Phy DF OF 
 1 Paul Stastny             Clayton Keller           Rickard Rakell           60     0   0  5  
 2 Kevin Hayes              David Backes             Martin Frk               40     0   0  5  

PowerPlay Defense
   Defense                  Defense                                           Time % Phy DF OF 
 1 Roman Josi               Kevin Shattenkirk                                 55     0   1  4  
 2 Ivan Provorov            Josh Anderson                                     45     0   1  4  

Penalty Kill 4 Players Forward 
   Center                   Wing                     Time % Phy DF OF 
 1 Andrew Copp              Brian Flynn              60     0   5  0  
 2 Kevin Hayes              Zach Hyman               40     0   5  0  

Penalty Kill 4 Players Defense
   Defense                  Defense                  Time % Phy DF OF 
 1 Michael Stone            Erik Gudbranson          60     0   5  0  
 2 Ivan Provorov            Roman Josi               40     0   5  0  

Penalty Kill - 3 Players Forward 
   Forward                                           Time % Phy DF OF 
 1 Andrew Copp                                       60     0   5  0  
 2 Brian Flynn                                       40     0   5  0  

Penalty Kill - 3 Players Defense
   Defense                  Defense                  Time % Phy DF OF 
 1 Erik Gudbranson          Michael Stone            60     0   5  0  
 2 Ivan Provorov            Roman Josi               40     0   5  0  

4 vs 4 Forward 
   Center                   Wing                     Time % Phy DF OF 
 1 Brian Flynn              Josh Anderson            60     1   2  2  
 2 Andrew Copp              Martin Frk               40     1   2  2  

4 vs 4 Defense
   Defense                  Defense                  Time % Phy DF OF 
 1 Ivan Provorov            Erik Gudbranson          60     1   2  2  
 2 Kevin Shattenkirk        Michael Stone            40     1   2  2  

Last Minutes Offensive
   Center                   Left Wing                Right Wing               Defense                  Defense                  
   Paul Stastny             Clayton Keller           Rickard Rakell           Kevin Shattenkirk        Roman Josi               

Last Minutes Defensive
   Center                   Left Wing                Right Wing               Defense                  Defense                  
   Paul Stastny             Andrew Copp              Brian Flynn              Ivan Provorov            Michael Stone            

Goaltenders
Starting : Kari Lehtonen            
Backup : Martin Jones             

Extra Forwards
Normal : Zach Hyman, Andrew Copp, Josh Anderson - PP : Zach Hyman, Andrew Copp - PK : Josh Anderson
Extra Defensemen
Normal : Ivan Provorov, Erik Gudbranson, Roman Josi - PP : Ivan Provorov - PK : Erik Gudbranson, Roman Josi
Penalty Shots
Brian Flynn, Kevin Hayes, Clayton Keller, Rickard Rakell, Martin Frk
Custom OT Lines Forwards
David Backes, Paul Stastny, Rickard Rakell, Kevin Hayes, Clayton Keller, Andre Burakovsky, Zach Hyman, Andrew Copp, Josh Anderson, Martin Frk
Custom OT Lines Defensemen
Roman Josi, Ivan Provorov, Kevin Shattenkirk, Michael Stone, Erik Gudbranson

Scratches
Marc-Andre Bergeron (Healthy)

Lightning

5 vs 5 Forward 
   Center                   Left Wing                Right Wing               Time % Phy DF OF 
 1 Mikko Koivu              Nick Foligno             Tyler Seguin             40     0   1  4  
 2 Ryan Nugent-Hopkins      Matt Cullen              Radim Vrbata             30     0   1  4  
 3 Antoine Vermette         Jonathan Marchessault    Jussi Jokinen            20     0   1  4  
 4 Ryan Dzingel             Carl Soderberg           Drew Stafford            10     0   1  4  

5 vs 5 Defense 
   Defense                  Defense                                           Time % Phy DF OF 
 1 Andrej Sekera            Johnny Boychuk                                    40     1   1  3  
 2 Dennis Seidenberg        Radko Gudas                                       30     1   1  3  
 3 Noah Hanifin             Colin Miller                                      20     1   1  3  
 4 Andrej Sekera            Johnny Boychuk                                    10     1   1  3  

PowerPlay Forward 
   Center                   Left Wing                Right Wing               Time % Phy DF OF 
 1 Mikko Koivu              Nick Foligno             Tyler Seguin             51     0   0  5  
 2 Ryan Nugent-Hopkins      Jonathan Marchessault    Jussi Jokinen            49     0   0  5  

PowerPlay Defense
   Defense                  Defense                                           Time % Phy DF OF 
 1 Andrej Sekera            Johnny Boychuk                                    60     1   1  3  
 2 Dennis Seidenberg        Radko Gudas                                       40     1   1  3  

Penalty Kill 4 Players Forward 
   Center                   Wing                     Time % Phy DF OF 
 1 Antoine Vermette         Mikko Koivu              60     1   4  0  
 2 Ryan Nugent-Hopkins      Radim Vrbata             40     1   4  0  

Penalty Kill 4 Players Defense
   Defense                  Defense                  Time % Phy DF OF 
 1 Andrej Sekera            Johnny Boychuk           60     1   4  0  
 2 Dennis Seidenberg        Radko Gudas              40     1   4  0  

Penalty Kill - 3 Players Forward 
   Forward                                           Time % Phy DF OF 
 1 Antoine Vermette                                  60     1   4  0  
 2 Ryan Nugent-Hopkins                               40     1   4  0  

Penalty Kill - 3 Players Defense
   Defense                  Defense                  Time % Phy DF OF 
 1 Andrej Sekera            Johnny Boychuk           60     1   4  0  
 2 Dennis Seidenberg        Radko Gudas              40     1   4  0  

4 vs 4 Forward 
   Center                   Wing                     Time % Phy DF OF 
 1 Tyler Seguin             Mikko Koivu              60     1   2  2  
 2 Nick Foligno             Radim Vrbata             40     1   2  2  

4 vs 4 Defense
   Defense                  Defense                  Time % Phy DF OF 
 1 Andrej Sekera            Johnny Boychuk           60     1   2  2  
 2 Dennis Seidenberg        Radko Gudas              40     1   2  2  

Last Minutes Offensive
   Center                   Left Wing                Right Wing               Defense                  Defense                  
   Mikko Koivu              Nick Foligno             Tyler Seguin             Andrej Sekera            Johnny Boychuk           

Last Minutes Defensive
   Center                   Left Wing                Right Wing               Defense                  Defense                  
   Antoine Vermette         Nick Foligno             Radim Vrbata             Andrej Sekera            Johnny Boychuk           

Goaltenders
Starting : Eddie Lack               
Backup : Braden Holtby            

Extra Forwards
Normal : Ryan Nugent-Hopkins, Matt Cullen, Antoine Vermette - PP : Ryan Nugent-Hopkins, Matt Cullen - PK : Antoine Vermette
Extra Defensemen
Normal : Noah Hanifin, Colin Miller, Dennis Seidenberg - PP : Noah Hanifin - PK : Colin Miller, Dennis Seidenberg
Penalty Shots
Tyler Seguin, Mikko Koivu, Nick Foligno, Radim Vrbata, Jonathan Marchessault
Custom OT Lines Forwards
Tyler Seguin, Mikko Koivu, Nick Foligno, Radim Vrbata, Jonathan Marchessault, Ryan Nugent-Hopkins, Matt Cullen, Antoine Vermette, Jussi Jokinen, Ryan Dzingel
Custom OT Lines Defensemen
Andrej Sekera, Johnny Boychuk, Dennis Seidenberg, Radko Gudas, Noah Hanifin

Scratches
Eric Tangradi (Healthy), Michal Rozsival (Healthy), Viktor Stalberg (Healthy)

% Time on Ice - Sabres

Lines # - Real PCT - Wanted PCT - Time Play
Normal Forward
1 - 35% - 35% - 17:01
2 - 32% - 30% - 15:15
3 - 21% - 25% - 10:18
4 - 12% - 10% - 5:33
Normal Defense
1 - 39% - 40% - 18:56
2 - 38% - 35% - 18:21
3 - 23% - 25% - 10:50
4 - 0% - 0% - 0:00
PP Forward
1 - 79% - 60% - 0:27
2 - 21% - 40% - 0:07
PP Defense
1 - 85% - 55% - 0:29
2 - 15% - 45% - 0:05
PK Forward
1 - 73% - 60% - 5:46
2 - 27% - 40% - 2:09
PK Defense
1 - 65% - 60% - 5:11
2 - 35% - 40% - 2:44
PK3 Forward
1 - 0% - 60%
2 - 0% - 40%
PK3 Defense
1 - 0% - 60%
2 - 0% - 40%
44 Forward
1 - 75% - 60% - 2:34
2 - 25% - 40% - 0:50
44 Defense
1 - 67% - 60% - 2:16
2 - 33% - 40% - 1:08
Last Minute Offensive  - 0:00
Last Minute Defensive  - 0:00
Total
Forward - 60:00
Defense - 60:00

% Time on Ice - Lightning

Lines # - Real PCT - Wanted PCT - Time Play
Normal Forward
1 - 42% - 40% - 20:05
2 - 28% - 30% - 13:36
3 - 17% - 20% - 8:23
4 - 12% - 10% - 6:00
Normal Defense
1 - 40% - 40% - 19:06
2 - 35% - 30% - 16:50
3 - 20% - 20% - 9:50
4 - 5% - 10% - 2:18
PP Forward
1 - 49% - 51% - 3:51
2 - 51% - 49% - 4:04
PP Defense
1 - 65% - 60% - 5:08
2 - 35% - 40% - 2:47
PK Forward
1 - 100% - 60% - 0:34
2 - 0% - 40% - 0:00
PK Defense
1 - 100% - 60% - 0:34
2 - 0% - 40% - 0:00
PK3 Forward
1 - 0% - 60%
2 - 0% - 40%
PK3 Defense
1 - 0% - 60%
2 - 0% - 40%
44 Forward
1 - 79% - 60% - 2:42
2 - 21% - 40% - 0:42
44 Defense
1 - 68% - 60% - 2:18
2 - 32% - 40% - 1:06
Last Minute Offensive  - 0:00
Last Minute Defensive  - 0:03
Total
Forward - 60:00
Defense - 60:00

Play by Play

1st period


0:01 of 1st period - Mikko Koivu wins face-off versus Paul Stastny in neutral zone.
1:07 of 1st period - Snap shot by Jonathan Marchessault.
1:07 of 1st period - Shot Misses the Net.
1:09 of 1st period - Snap shot by Antoine Vermette.
1:09 of 1st period - Stopped by Kari Lehtonen with a rebound.
1:19 of 1st period - Ryan Dzingel is hit by Brian Flynn and loses puck.
1:35 of 1st period - Icing by Kevin Shattenkirk.
1:36 of 1st period - Joonas Donskoi wins face-off versus Mikko Koivu in Sabres zone.
2:02 of 1st period - Andrej Sekera is hit by Zach Hyman and loses puck.
2:54 of 1st period - Slapshot by Drew Stafford.
2:54 of 1st period - Shot Misses the Net.
3:09 of 1st period - Slapshot by Tyler Seguin.
3:09 of 1st period - Shot Blocked by Madison Bowey.
3:11 of 1st period - Snap shot by Mikko Koivu.
3:11 of 1st period - Shot Misses the Net.
4:56 of 1st period - Snap shot by Antoine Vermette.
4:56 of 1st period - Shot Misses the Net.
4:58 of 1st period - Slapshot by Colin Miller.
4:58 of 1st period - Shot Misses the Net.
5:00 of 1st period - Snap shot by Jussi Jokinen.
5:00 of 1st period - Stopped by Kari Lehtonen with a rebound.
5:02 of 1st period - Backhand shot by Colin Miller.
5:02 of 1st period - Shot Misses the Net.
5:47 of 1st period - Slapshot by Roman Josi.
5:47 of 1st period - Shot Blocked by Radko Gudas.
6:10 of 1st period - Slapshot by Roman Josi.
6:10 of 1st period - Shot Misses the Net.
6:16 of 1st period - Wrist shot by Zach Hyman.
6:16 of 1st period - Shot Misses the Net.
6:18 of 1st period - Wrist shot by Ivan Provorov.
6:18 of 1st period - Stopped by Eddie Lack without a rebound.
6:19 of 1st period - Kevin Hayes wins face-off versus Ryan Nugent-Hopkins in Lightning zone.
6:20 of 1st period - Wrist shot by Clayton Keller.
6:20 of 1st period - Stopped by Eddie Lack with a rebound.
6:22 of 1st period - Slapshot by Andre Burakovsky.
6:22 of 1st period - Shot Misses the Net.
6:24 of 1st period - Slapshot by Kevin Shattenkirk.
6:24 of 1st period - Stopped by Eddie Lack with a rebound.
6:30 of 1st period - Wrist shot by Clayton Keller.
6:30 of 1st period - Stopped by Eddie Lack with a rebound.
6:32 of 1st period - Wrist shot by Kevin Hayes.
6:32 of 1st period - Goal by Kevin Hayes - Sabres : 1 - Lightning : 0.
6:33 of 1st period - Rickard Rakell wins face-off versus Tyler Seguin in neutral zone.
6:46 of 1st period - Slapshot by Mikko Koivu.
6:46 of 1st period - Shot Blocked by Michael Stone.
6:48 of 1st period - Snap shot by Tyler Seguin.
6:48 of 1st period - Stopped by Kari Lehtonen without a rebound.
6:49 of 1st period - Kevin Hayes wins face-off versus Ryan Nugent-Hopkins in Sabres zone.
6:58 of 1st period - Wrist shot by Clayton Keller.
6:58 of 1st period - Shot Misses the Net.
7:14 of 1st period - Erik Gudbranson is hit by Andrej Sekera and loses puck.
7:21 of 1st period - Slapshot by Mikko Koivu.
7:21 of 1st period - Stopped by Kari Lehtonen with a rebound.
7:23 of 1st period - Slapshot by Tyler Seguin.
7:23 of 1st period - Stopped by Kari Lehtonen without a rebound.
7:24 of 1st period - Kevin Hayes wins face-off versus Antoine Vermette in Sabres zone.
8:19 of 1st period - Wrist shot by Josh Anderson.
8:19 of 1st period - Shot Blocked by Andrej Sekera.
8:21 of 1st period - Wrist shot by Michael Stone.
8:21 of 1st period - Stopped by Eddie Lack with a rebound.
8:37 of 1st period - Snap shot by Drew Stafford.
8:37 of 1st period - Stopped by Kari Lehtonen without a rebound.
8:38 of 1st period - Carl Soderberg wins face-off versus Clayton Keller in Sabres zone.
9:03 of 1st period - Madison Bowey is hit by Nick Foligno and loses puck.
9:10 of 1st period - Snap shot by Tyler Seguin.
9:10 of 1st period - Stopped by Kari Lehtonen with a rebound.
9:12 of 1st period - Slapshot by Andrej Sekera.
9:12 of 1st period - Shot Blocked by Madison Bowey.
9:20 of 1st period - Minor Penalty to Madison Bowey for High sticking.
9:21 of 1st period - Mikko Koivu wins face-off versus Brian Flynn in Sabres zone.
9:36 of 1st period - Slapshot by Tyler Seguin.
9:36 of 1st period - Stopped by Kari Lehtonen with a rebound.
9:38 of 1st period - Slapshot by Andrej Sekera.
9:38 of 1st period - Shot Misses the Net.
9:48 of 1st period - Brian Flynn is hit by Andrej Sekera and loses puck.
11:20 of 1st period - Penalty to Madison Bowey is over, Madison Bowey is back on ice.
11:35 of 1st period - Wrist shot by Ryan Dzingel.
11:35 of 1st period - Goal by Ryan Dzingel - Sabres : 1 - Lightning : 1.
11:36 of 1st period - Ryan Nugent-Hopkins wins face-off versus Andrew Copp in neutral zone.
11:39 of 1st period - Snap shot by Radim Vrbata.
11:39 of 1st period - Shot Misses the Net.
12:08 of 1st period - Wrist shot by Mikko Koivu.
12:08 of 1st period - Stopped by Kari Lehtonen without a rebound.
12:09 of 1st period - Mikko Koivu wins face-off versus Paul Stastny in Sabres zone.
12:10 of 1st period - Snap shot by Tyler Seguin.
12:10 of 1st period - Stopped by Kari Lehtonen with a rebound.
12:12 of 1st period - Wrist shot by Nick Foligno.
12:12 of 1st period - Shot Blocked by Paul Stastny.
12:14 of 1st period - Wrist shot by Nick Foligno.
12:14 of 1st period - Stopped by Kari Lehtonen with a rebound.
12:43 of 1st period - Snap shot by Ryan Nugent-Hopkins.
12:43 of 1st period - Shot Misses the Net.
12:45 of 1st period - Slapshot by Radko Gudas.
12:45 of 1st period - Stopped by Kari Lehtonen with a rebound.
12:47 of 1st period - Wrist shot by Ryan Nugent-Hopkins.
12:47 of 1st period - Goal by Ryan Nugent-Hopkins - Sabres : 1 - Lightning : 2.
12:48 of 1st period - Mikko Koivu wins face-off versus Andrew Copp in neutral zone.
13:01 of 1st period - Backhand shot by Tyler Seguin.
13:01 of 1st period - Shot Misses the Net.
13:40 of 1st period - Matt Cullen is hit by Ivan Provorov and loses puck.
13:57 of 1st period - Slapshot by Andrew Copp.
13:57 of 1st period - Stopped by Eddie Lack with a rebound.
14:13 of 1st period - Wrist shot by Radim Vrbata.
14:13 of 1st period - Deflect By Matt Cullen.
14:13 of 1st period - Shot Misses the Net.
14:13 of 1st period - Puck is out of play.
14:14 of 1st period - Paul Stastny wins face-off versus Mikko Koivu in Sabres zone.
14:16 of 1st period - Minor Penalty to Madison Bowey for Hooking.
14:17 of 1st period - Nick Foligno wins face-off versus Andrew Copp in Sabres zone.
14:45 of 1st period - Minor Penalty to Jonathan Marchessault for Holding Stick.
14:46 of 1st period - Tyler Seguin wins face-off versus Brian Flynn in Lightning zone.
15:03 of 1st period - Snap shot by Mikko Koivu.
15:03 of 1st period - Stopped by Kari Lehtonen without a rebound.
15:04 of 1st period - Tyler Seguin wins face-off versus Brian Flynn in Sabres zone.
15:37 of 1st period - Snap shot by Brian Flynn.
15:37 of 1st period - Shot Blocked by Radim Vrbata.
15:45 of 1st period - Snap shot by Andrew Copp.
15:45 of 1st period - Shot Misses the Net.
15:47 of 1st period - Snap shot by Andrew Copp.
15:47 of 1st period - Shot Blocked by Johnny Boychuk.
15:49 of 1st period - Wrist shot by Martin Frk.
15:49 of 1st period - Stopped by Eddie Lack without a rebound.
15:50 of 1st period - Tyler Seguin wins face-off versus Brian Flynn in Lightning zone.
16:16 of 1st period - Penalty to Madison Bowey is over, Madison Bowey is back on ice.
16:35 of 1st period - Snap shot by Clayton Keller.
16:35 of 1st period - Shot Blocked by Johnny Boychuk.
16:45 of 1st period - Penalty to Jonathan Marchessault is over, Jonathan Marchessault is back on ice.
16:46 of 1st period - Icing by Andrej Sekera.
16:47 of 1st period - Kevin Hayes wins face-off versus Antoine Vermette in Lightning zone.
17:16 of 1st period - Slapshot by Ryan Nugent-Hopkins.
17:16 of 1st period - Shot Misses the Net.
17:18 of 1st period - Snap shot by Ryan Nugent-Hopkins.
17:18 of 1st period - Stopped by Kari Lehtonen with a rebound.
17:20 of 1st period - Slapshot by Johnny Boychuk.
17:20 of 1st period - Shot Blocked by Josh Anderson.
18:04 of 1st period - Snap shot by Clayton Keller.
18:04 of 1st period - Stopped by Eddie Lack with a rebound.
18:54 of 1st period - Erik Gudbranson is hit by Ryan Dzingel and loses puck.
19:13 of 1st period - Wrist shot by Rickard Rakell.
19:13 of 1st period - Deflect By Paul Stastny.
19:13 of 1st period - Shot Blocked by Radko Gudas.
19:13 of 1st period - Puck is out of play.
19:14 of 1st period - Ryan Nugent-Hopkins wins face-off versus David Backes in Lightning zone.
19:14 of 1st period - Ryan Nugent-Hopkins is hit by Michael Stone.
19:17 of 1st period - Icing by Radim Vrbata.
19:18 of 1st period - Paul Stastny wins face-off versus Ryan Nugent-Hopkins in Lightning zone.
19:31 of 1st period - Snap shot by Paul Stastny.
19:31 of 1st period - Shot Misses the Net.
19:33 of 1st period - Slapshot by Rickard Rakell.
19:33 of 1st period - Shot Blocked by Ryan Nugent-Hopkins.
Goals for this period are 1 for Sabres vs 2 for Lightning.
Shots for this period are 9 for Sabres vs 16 for Lightning.

2nd period


0:01 of 2nd period - Mikko Koivu wins face-off versus Paul Stastny in neutral zone.
0:10 of 2nd period - Snap shot by Rickard Rakell.
0:10 of 2nd period - Shot Misses the Net.
0:56 of 2nd period - Josh Anderson is hit by Jonathan Marchessault and loses puck.
1:05 of 2nd period - Wrist shot by Jussi Jokinen.
1:05 of 2nd period - Stopped by Kari Lehtonen without a rebound.
1:06 of 2nd period - Ryan Nugent-Hopkins wins face-off versus Brian Flynn in Sabres zone.
1:17 of 2nd period - Snap shot by Martin Frk.
1:17 of 2nd period - Deflect By Brian Flynn.
1:17 of 2nd period - Stopped by Eddie Lack without a rebound.
1:18 of 2nd period - Antoine Vermette wins face-off versus Paul Stastny in Lightning zone.
1:53 of 2nd period - Wrist shot by Mikko Koivu.
1:53 of 2nd period - Stopped by Kari Lehtonen with a rebound.
1:55 of 2nd period - Wrist shot by Tyler Seguin.
1:55 of 2nd period - Shot Blocked by Michael Stone.
2:01 of 2nd period - Minor Penalty to Kevin Shattenkirk for Interference.
2:02 of 2nd period - Mikko Koivu wins face-off versus Andrew Copp in Sabres zone.
2:19 of 2nd period - Wrist shot by Mikko Koivu.
2:19 of 2nd period - Deflect By Nick Foligno.
2:19 of 2nd period - Stopped by Kari Lehtonen without a rebound.
2:20 of 2nd period - Andrew Copp wins face-off versus Ryan Nugent-Hopkins in Sabres zone.
2:36 of 2nd period - Wrist shot by Ryan Nugent-Hopkins.
2:36 of 2nd period - Shot Misses the Net.
3:26 of 2nd period - Ryan Nugent-Hopkins is hit by Josh Anderson and loses puck.
3:40 of 2nd period - Icing by Tyler Seguin.
3:41 of 2nd period - Mikko Koivu wins face-off versus Kevin Hayes in Lightning zone.
4:01 of 2nd period - Penalty to Kevin Shattenkirk is over, Kevin Shattenkirk is back on ice.
4:18 of 2nd period - Slapshot by Ryan Dzingel.
4:18 of 2nd period - Stopped by Kari Lehtonen with a rebound.
4:20 of 2nd period - Slapshot by Andrej Sekera.
4:20 of 2nd period - Stopped by Kari Lehtonen without a rebound.
4:21 of 2nd period - Kevin Hayes wins face-off versus Mikko Koivu in Sabres zone.
4:30 of 2nd period - Wrist shot by Clayton Keller.
4:30 of 2nd period - Shot Misses the Net.
4:36 of 2nd period - Snap shot by Clayton Keller.
4:36 of 2nd period - Deflect By Tyler Seguin.
4:36 of 2nd period - Shot Blocked by Tyler Seguin.
4:36 of 2nd period - Puck is out of play.
4:37 of 2nd period - Ryan Nugent-Hopkins wins face-off versus Andrew Copp in Lightning zone.
6:15 of 2nd period - Slapshot by Dennis Seidenberg.
6:15 of 2nd period - Goal by Dennis Seidenberg - Sabres : 1 - Lightning : 3.
6:16 of 2nd period - Mikko Koivu wins face-off versus Rickard Rakell in neutral zone.
6:31 of 2nd period - Wrist shot by Mikko Koivu.
6:31 of 2nd period - Deflect By Tyler Seguin.
6:31 of 2nd period - Stopped by Kari Lehtonen without a rebound.
6:32 of 2nd period - Ryan Nugent-Hopkins wins face-off versus Andrew Copp in Sabres zone.
6:47 of 2nd period - Snap shot by Radim Vrbata.
6:47 of 2nd period - Stopped by Kari Lehtonen without a rebound.
6:48 of 2nd period - Mikko Koivu wins face-off versus Kevin Hayes in Sabres zone.
6:56 of 2nd period - Off-side.
6:57 of 2nd period - Clayton Keller wins face-off versus Mikko Koivu in neutral zone.
7:30 of 2nd period - Wrist shot by Kevin Hayes.
7:30 of 2nd period - Stopped by Eddie Lack with a rebound.
8:11 of 2nd period - Snap shot by Clayton Keller.
8:11 of 2nd period - Shot Hit the Post.
8:13 of 2nd period - Slapshot by Michael Stone.
8:13 of 2nd period - Stopped by Eddie Lack without a rebound.
8:14 of 2nd period - Paul Stastny wins face-off versus Ryan Nugent-Hopkins in Lightning zone.
8:15 of 2nd period - Wrist shot by Rickard Rakell.
8:15 of 2nd period - Deflect By David Backes.
8:15 of 2nd period - Shot Misses the Net.
8:15 of 2nd period - Puck is out of play.
8:16 of 2nd period - Paul Stastny wins face-off versus Ryan Nugent-Hopkins in Lightning zone.
8:27 of 2nd period - Snap shot by Ryan Nugent-Hopkins.
8:27 of 2nd period - Shot Misses the Net.
8:46 of 2nd period - Snap shot by Carl Soderberg.
8:46 of 2nd period - Shot Misses the Net.
8:48 of 2nd period - Slapshot by Radko Gudas.
8:48 of 2nd period - Stopped by Kari Lehtonen without a rebound.
8:49 of 2nd period - Antoine Vermette wins face-off versus Andrew Copp in Sabres zone.
9:16 of 2nd period - Wrist shot by Joonas Donskoi.
9:16 of 2nd period - Shot Misses the Net.
9:20 of 2nd period - Slapshot by Martin Frk.
9:20 of 2nd period - Shot Misses the Net.
9:22 of 2nd period - Wrist shot by Joonas Donskoi.
9:22 of 2nd period - Stopped by Eddie Lack without a rebound.
9:23 of 2nd period - Tyler Seguin wins face-off versus Paul Stastny in Lightning zone.
9:32 of 2nd period - Slapshot by Johnny Boychuk.
9:32 of 2nd period - Shot Misses the Net.
9:34 of 2nd period - Minor Penalty to Rickard Rakell for Interference.
9:35 of 2nd period - Andrew Copp wins face-off versus Tyler Seguin in Sabres zone.
9:44 of 2nd period - Wrist shot by Nick Foligno.
9:44 of 2nd period - Stopped by Kari Lehtonen without a rebound.
9:45 of 2nd period - Mikko Koivu wins face-off versus Andrew Copp in Sabres zone.
10:17 of 2nd period - Nick Foligno is hit by Ivan Provorov and loses puck.
11:25 of 2nd period - Roman Josi is hit by Radko Gudas.
11:29 of 2nd period - Radko Gudas is hit by Zach Hyman and loses puck.
11:34 of 2nd period - Penalty to Rickard Rakell is over, Rickard Rakell is back on ice.
11:43 of 2nd period - Radko Gudas is hit by Rickard Rakell and loses puck.
12:06 of 2nd period - Snap shot by Rickard Rakell.
12:06 of 2nd period - Shot Misses the Net.
12:08 of 2nd period - Slapshot by Erik Gudbranson.
12:08 of 2nd period - Deflect By Kevin Hayes.
12:08 of 2nd period - Shot Misses the Net.
12:08 of 2nd period - Puck is out of play.
12:09 of 2nd period - Jonathan Marchessault wins face-off versus Brian Flynn in Lightning zone.
12:09 of 2nd period - Jonathan Marchessault is hit by Brian Flynn.
12:19 of 2nd period - Snap shot by Jonathan Marchessault.
12:19 of 2nd period - Shot Misses the Net.
12:38 of 2nd period - Kevin Shattenkirk is hit by Tyler Seguin and loses puck.
13:00 of 2nd period - Madison Bowey is hit by Noah Hanifin and loses puck.
13:29 of 2nd period - Snap shot by Joonas Donskoi.
13:29 of 2nd period - Shot Blocked by Andrej Sekera.
13:43 of 2nd period - Snap shot by Tyler Seguin.
13:43 of 2nd period - Stopped by Kari Lehtonen without a rebound.
13:44 of 2nd period - Paul Stastny wins face-off versus Mikko Koivu in Sabres zone.
15:33 of 2nd period - Off-side.
15:34 of 2nd period - Ryan Nugent-Hopkins wins face-off versus Kevin Hayes in neutral zone.
15:49 of 2nd period - Wrist shot by Radim Vrbata.
15:49 of 2nd period - Stopped by Kari Lehtonen without a rebound.
15:50 of 2nd period - Paul Stastny wins face-off versus Mikko Koivu in Sabres zone.
15:50 of 2nd period - Paul Stastny is hit by Johnny Boychuk.
16:23 of 2nd period - Wrist shot by Radim Vrbata.
16:23 of 2nd period - Shot Blocked by Roman Josi.
16:45 of 2nd period - Snap shot by Ryan Dzingel.
16:45 of 2nd period - Shot Misses the Net.
16:47 of 2nd period - Slapshot by Carl Soderberg.
16:47 of 2nd period - Shot Misses the Net.
17:07 of 2nd period - Slapshot by Kevin Shattenkirk.
17:07 of 2nd period - Stopped by Eddie Lack with a rebound.
17:27 of 2nd period - Snap shot by Ryan Nugent-Hopkins.
17:27 of 2nd period - Shot Misses the Net.
17:36 of 2nd period - Icing by Paul Stastny.
17:37 of 2nd period - Antoine Vermette wins face-off versus Paul Stastny in Sabres zone.
17:42 of 2nd period - Wrist shot by Mikko Koivu.
17:42 of 2nd period - Stopped by Kari Lehtonen with a rebound.
18:54 of 2nd period - Off-side.
18:55 of 2nd period - Mikko Koivu wins face-off versus Andrew Copp in neutral zone.
19:22 of 2nd period - Clayton Keller is hit by Matt Cullen and loses puck.
19:58 of 2nd period - Off-side.
19:59 of 2nd period - Ryan Dzingel wins face-off versus Andrew Copp in neutral zone.
Goals for this period are 0 for Sabres vs 1 for Lightning.
Shots for this period are 5 for Sabres vs 13 for Lightning.

3rd period


0:01 of 3rd period - Mikko Koivu wins face-off versus Paul Stastny in neutral zone.
0:12 of 3rd period - Ivan Provorov is hit by Andrej Sekera and loses puck.
0:20 of 3rd period - Icing by Ivan Provorov.
0:21 of 3rd period - Paul Stastny wins face-off versus Ryan Nugent-Hopkins in Sabres zone.
0:36 of 3rd period - Wrist shot by Radim Vrbata.
0:36 of 3rd period - Stopped by Kari Lehtonen without a rebound.
0:37 of 3rd period - Mikko Koivu wins face-off versus Andrew Copp in Sabres zone.
0:54 of 3rd period - Josh Anderson is hit by Tyler Seguin and loses puck.
1:13 of 3rd period - Wrist shot by Andrew Copp.
1:13 of 3rd period - Shot Blocked by Johnny Boychuk.
1:15 of 3rd period - Slapshot by Madison Bowey.
1:15 of 3rd period - Deflect By Zach Hyman.
1:15 of 3rd period - Goal by Zach Hyman - Sabres : 2 - Lightning : 3.
1:16 of 3rd period - Mikko Koivu wins face-off versus Paul Stastny in neutral zone.
2:06 of 3rd period - Snap shot by Clayton Keller.
2:06 of 3rd period - Shot Misses the Net.
2:08 of 3rd period - Snap shot by Andre Burakovsky.
2:08 of 3rd period - Goal by Andre Burakovsky - Sabres : 3 - Lightning : 3.
2:09 of 3rd period - Paul Stastny wins face-off versus Mikko Koivu in neutral zone.
2:21 of 3rd period - Snap shot by Nick Foligno.
2:21 of 3rd period - Stopped by Kari Lehtonen without a rebound.
2:22 of 3rd period - Mikko Koivu wins face-off versus David Backes in Sabres zone.
2:37 of 3rd period - Slapshot by Rickard Rakell.
2:37 of 3rd period - Shot Misses the Net.
2:47 of 3rd period - Nick Foligno is hit by Zach Hyman and loses puck.
2:54 of 3rd period - Roman Josi is hit by Andrej Sekera and loses puck.
3:02 of 3rd period - Minor Penalty to Josh Anderson for Holding.
3:03 of 3rd period - Ryan Nugent-Hopkins wins face-off versus Andrew Copp in Sabres zone.
3:09 of 3rd period - Wrist shot by Jonathan Marchessault.
3:09 of 3rd period - Shot Blocked by Michael Stone.
3:11 of 3rd period - Wrist shot by Jonathan Marchessault.
3:11 of 3rd period - Stopped by Kari Lehtonen with a rebound.
3:13 of 3rd period - Wrist shot by Jonathan Marchessault.
3:13 of 3rd period - Shot Blocked by Andrew Copp.
3:15 of 3rd period - Backhand shot by Dennis Seidenberg.
3:15 of 3rd period - Deflect By Jussi Jokinen.
3:15 of 3rd period - Goal by Jussi Jokinen - Sabres : 3 - Lightning : 4.
3:16 of 3rd period - Mikko Koivu wins face-off versus Kevin Hayes in neutral zone.
3:21 of 3rd period - Snap shot by Tyler Seguin.
3:21 of 3rd period - Shot Blocked by Erik Gudbranson.
3:43 of 3rd period - Johnny Boychuk is hit by Madison Bowey and loses puck.
3:52 of 3rd period - Snap shot by Andrew Copp.
3:52 of 3rd period - Shot Misses the Net.
4:12 of 3rd period - Snap shot by Roman Josi.
4:12 of 3rd period - Deflect By Martin Frk.
4:12 of 3rd period - Stopped by Eddie Lack without a rebound.
4:13 of 3rd period - Brian Flynn wins face-off versus Mikko Koivu in Lightning zone.
4:14 of 3rd period - Snap shot by Joonas Donskoi.
4:14 of 3rd period - Stopped by Eddie Lack without a rebound.
4:15 of 3rd period - Paul Stastny wins face-off versus Mikko Koivu in Lightning zone.
4:22 of 3rd period - Wrist shot by David Backes.
4:22 of 3rd period - Stopped by Eddie Lack with a rebound.
4:52 of 3rd period - Wrist shot by Ryan Nugent-Hopkins.
4:52 of 3rd period - Stopped by Kari Lehtonen without a rebound.
4:53 of 3rd period - Antoine Vermette wins face-off versus Paul Stastny in Sabres zone.
6:58 of 3rd period - Off-side.
6:59 of 3rd period - Kevin Hayes wins face-off versus Ryan Nugent-Hopkins in neutral zone.
7:10 of 3rd period - Wrist shot by Matt Cullen.
7:10 of 3rd period - Shot Misses the Net.
7:16 of 3rd period - Radim Vrbata is hit by Clayton Keller and loses puck.
7:23 of 3rd period - Snap shot by Clayton Keller.
7:23 of 3rd period - Shot Hit the Post.
7:25 of 3rd period - Slapshot by Erik Gudbranson.
7:25 of 3rd period - Deflect By Radim Vrbata.
7:25 of 3rd period - Stopped by Eddie Lack with a rebound.
7:27 of 3rd period - Slapshot by Erik Gudbranson.
7:27 of 3rd period - Shot Blocked by Andrej Sekera.
7:29 of 3rd period - Slapshot by Madison Bowey.
7:29 of 3rd period - Shot Blocked by Johnny Boychuk.
7:31 of 3rd period - Wrist shot by Madison Bowey.
7:31 of 3rd period - Stopped by Eddie Lack with a rebound.
7:49 of 3rd period - Snap shot by Clayton Keller.
7:49 of 3rd period - Deflect By Kevin Hayes.
7:49 of 3rd period - Shot Misses the Net.
7:49 of 3rd period - Puck is out of play.
7:50 of 3rd period - Paul Stastny wins face-off versus Mikko Koivu in Lightning zone.
8:15 of 3rd period - Zach Hyman is hit by Antoine Vermette and loses puck.
8:23 of 3rd period - Snap shot by Andrew Copp.
8:23 of 3rd period - Stopped by Eddie Lack with a rebound.
8:35 of 3rd period - Snap shot by Carl Soderberg.
8:35 of 3rd period - Shot Blocked by Martin Frk.
8:37 of 3rd period - Snap shot by Ryan Dzingel.
8:37 of 3rd period - Shot Misses the Net.
8:39 of 3rd period - Slapshot by Noah Hanifin.
8:39 of 3rd period - Shot Blocked by Ivan Provorov.
8:41 of 3rd period - Slapshot by Colin Miller.
8:41 of 3rd period - Stopped by Kari Lehtonen without a rebound.
8:42 of 3rd period - Paul Stastny wins face-off versus Mikko Koivu in Sabres zone.
9:11 of 3rd period - Snap shot by Andrew Copp.
9:11 of 3rd period - Shot Misses the Net.
9:19 of 3rd period - Snap shot by Roman Josi.
9:19 of 3rd period - Shot Misses the Net.
9:21 of 3rd period - Slapshot by Roman Josi.
9:21 of 3rd period - Stopped by Eddie Lack with a rebound.
10:26 of 3rd period - Snap shot by Ryan Nugent-Hopkins.
10:26 of 3rd period - Deflect By Radim Vrbata.
10:26 of 3rd period - Shot Misses the Net.
10:26 of 3rd period - Puck is out of play.
10:27 of 3rd period - Antoine Vermette wins face-off versus Kevin Hayes in Sabres zone.
10:52 of 3rd period - Colin Miller is hit by Andrew Copp and loses puck.
10:57 of 3rd period - Snap shot by Zach Hyman.
10:57 of 3rd period - Stopped by Eddie Lack without a rebound.
10:58 of 3rd period - Andrew Copp wins face-off versus Mikko Koivu in Lightning zone.
10:59 of 3rd period - Snap shot by Zach Hyman.
10:59 of 3rd period - Stopped by Eddie Lack without a rebound.
11:00 of 3rd period - David Backes wins face-off versus Mikko Koivu in Lightning zone.
11:07 of 3rd period - Slapshot by Tyler Seguin.
11:07 of 3rd period - Stopped by Kari Lehtonen with a rebound.
11:15 of 3rd period - Snap shot by Nick Foligno.
11:15 of 3rd period - Stopped by Kari Lehtonen without a rebound.
11:16 of 3rd period - Andrew Copp wins face-off versus Ryan Nugent-Hopkins in Sabres zone.
11:27 of 3rd period - Wrist shot by Ryan Nugent-Hopkins.
11:27 of 3rd period - Stopped by Kari Lehtonen without a rebound.
11:28 of 3rd period - Mikko Koivu wins face-off versus Paul Stastny in Sabres zone.
12:16 of 3rd period - Snap shot by Joonas Donskoi.
12:16 of 3rd period - Shot Misses the Net.
12:18 of 3rd period - Wrist shot by Martin Frk.
12:18 of 3rd period - Shot Misses the Net.
12:20 of 3rd period - Slapshot by Ivan Provorov.
12:20 of 3rd period - Deflect By Jonathan Marchessault.
12:20 of 3rd period - Stopped by Eddie Lack without a rebound.
12:21 of 3rd period - Mikko Koivu wins face-off versus Paul Stastny in Lightning zone.
12:30 of 3rd period - Slapshot by Nick Foligno.
12:30 of 3rd period - Stopped by Kari Lehtonen without a rebound.
12:31 of 3rd period - Paul Stastny wins face-off versus Mikko Koivu in Sabres zone.
12:31 of 3rd period - Paul Stastny is hit by Nick Foligno.
13:47 of 3rd period - Icing by Paul Stastny.
13:48 of 3rd period - Paul Stastny wins face-off versus Ryan Nugent-Hopkins in Sabres zone.
13:48 of 3rd period - Paul Stastny is hit by Andrej Sekera.
14:01 of 3rd period - Off-side.
14:02 of 3rd period - Antoine Vermette wins face-off versus Kevin Hayes in neutral zone.
14:04 of 3rd period - Minor Penalty to Jonathan Marchessault for Hooking.
14:05 of 3rd period - Antoine Vermette wins face-off versus Kevin Hayes in Lightning zone.
14:09 of 3rd period - Minor Penalty to Martin Frk for Tripping.
14:10 of 3rd period - Tyler Seguin wins face-off versus Brian Flynn in Sabres zone.
14:19 of 3rd period - Wrist shot by Tyler Seguin.
14:19 of 3rd period - Stopped by Kari Lehtonen with a rebound.
15:23 of 3rd period - Snap shot by Ryan Nugent-Hopkins.
15:23 of 3rd period - Shot Misses the Net.
15:25 of 3rd period - Backhand shot by Ryan Nugent-Hopkins.
15:25 of 3rd period - Stopped by Kari Lehtonen with a rebound.
15:27 of 3rd period - Snap shot by Radko Gudas.
15:27 of 3rd period - Shot Misses the Net.
15:45 of 3rd period - Josh Anderson is hit by Radko Gudas and loses puck.
16:04 of 3rd period - Penalty to Jonathan Marchessault is over, Jonathan Marchessault is back on ice.
16:06 of 3rd period - Andrej Sekera is hit by Ivan Provorov and loses puck.
16:09 of 3rd period - Penalty to Martin Frk is over, Martin Frk is back on ice.
17:31 of 3rd period - Mikko Koivu is hit by Zach Hyman and loses puck.
17:55 of 3rd period - Backhand shot by Mikko Koivu.
17:55 of 3rd period - Stopped by Kari Lehtonen with a rebound.
17:57 of 3rd period - Slapshot by Radko Gudas.
17:57 of 3rd period - Shot Blocked by Michael Stone.
17:59 of 3rd period - Snap shot by Tyler Seguin.
17:59 of 3rd period - Stopped by Kari Lehtonen without a rebound.
18:00 of 3rd period - Paul Stastny wins face-off versus Ryan Dzingel in Sabres zone.
18:09 of 3rd period - Sabres, Kari Lehtonen is pulled from the net.
18:15 of 3rd period - Johnny Boychuk is hit by Paul Stastny and loses puck.
18:38 of 3rd period - Snap shot by Andre Burakovsky.
18:38 of 3rd period - Shot Misses the Net.
18:48 of 3rd period - Minor Penalty to Clayton Keller for Hooking.
18:49 of 3rd period - Kari Lehtonen from Sabres was sent back in the game.
18:49 of 3rd period - Ryan Nugent-Hopkins wins face-off versus Josh Anderson in Sabres zone.
19:15 of 3rd period - Slapshot by Ivan Provorov.
19:15 of 3rd period - Stopped by Eddie Lack without a rebound.
19:16 of 3rd period - Alain Vigneault call a timeout for Sabres.
19:16 of 3rd period - Ryan Nugent-Hopkins wins face-off versus Kevin Hayes in Lightning zone.
19:23 of 3rd period - Slapshot by Johnny Boychuk.
19:23 of 3rd period - Shot Misses the Net.
19:41 of 3rd period - Brian Flynn is hit by Ryan Nugent-Hopkins and loses puck.
Goals for this period are 2 for Sabres vs 1 for Lightning.
Shots for this period are 13 for Sabres vs 14 for Lightning.